 Dungeon Crawl Stone Soup version 0.27-a0-287-gd4424db430 (webtiles) character file.

Game seed: 16810115449521992146

5 namelastname112 the Sneak (level 1, -1/19 HPs)
             Began as a Draconian Delver on Feb 8, 2021.
             Slain by an adder (3 damage)
             ... on level 5 of the Dungeon.
             The game lasted 00:00:17 (54 turns).

namelastname112 the Sneak (Draconian Delver)          Turns: 54, Time: 00:00:17

Health: -1/19      AC:  4    Str: 14    XL:     1   Next: 66%
Magic:  1/1        EV: 12    Int: 10    God:
Gold:   19         SH:  0    Dex: 12    Spells: 0/0 levels left

rFire    . . .     SeeInvis .   a - +0 falchion
rCold    . . .     Faith    .   (no shield)
rNeg     . . .     Spirit   .   (armour unavailable)
rPois    .         Reflect  .   (helmet restricted)
rElec    .         Harm     .   (no cloak)
rCorr    .         Rampage  .   (no gloves)
Will     .....                  (no boots)
Stlth    +++.......             (no amulet)
HPRegen  0.06/turn              (no ring)
MPRegen  0.07/turn              (no ring)

@: lethally poisoned (-1 -> -2)
A: unfitting armour, cold-blooded, AC +4
a: no special abilities


You were on level 5 of the Dungeon.
You visited 1 branch of the dungeon, and saw 1 of its levels.

You collected 19 gold pieces.

Inventory:

Hand Weapons
 a - a +0 falchion (weapon)
Wands
 f - a wand of digging (3)
Scrolls
 b - a scroll of fog
 c - a scroll of magic mapping
 d - a scroll of fear
Potions
 e - a potion of haste


   Skills:
 + Level 3.4 Fighting
 + Level 2.1 Long Blades
 + Level 1.9 Dodging
 + Level 4.6 Stealth


You couldn't memorise any spells.
You didn't know any spells.
Your spell library was empty.

Dungeon Overview and Level Annotations

Branches:
Dungeon (5/15)
 Temple: D:4-7

Altars:


Innate Abilities, Weirdness & Mutations

Your plain brown scales are hard. (AC +4)
You cannot fit into any form of body armour.
You are cold-blooded and may be slowed by cold attacks.


Message History

The adder is moderately wounded!
The adder barely misses you!
You riposte!
You completely miss the adder!
Your tail-slap misses the adder!
The adder is moderately wounded!
Okay, then!
You closely miss the adder!
Your tail-slap misses the adder!
The adder is moderately wounded!
The adder barely misses you!
You riposte!
You miss the adder!
The adder is moderately wounded!
The worker ant zombie waves its antennae!
The adder barely misses you!
You closely miss the adder!
The adder is moderately wounded!
You feel sick! The adder bites you! * * * don't die
* * * You take 4 damage, and have 2/19 hp!
MASSIVE DAMAGE!!!!!!
You cut the adder into ribbons!!!
Your tail-slap misses the adder!
The adder is almost dead!
The adder bites you! rip

.........# ###......##
#.......# #.......#
#########.....###
.......###..##.#
###.#.#.......#..##
##...#..##.........#
......#@###..#.....#
#...#S###......###
#..#.Z.###.......#
###..#.####......###
##......#####.....##
..#(...$..##.##......##
.=.....................
.......†...............
..................#....


You could see an adder and a worker ant zombie.

Vanquished Creatures
  An adder zombie (D:5)
  A giant cockroach (D:5)
2 creatures vanquished.

Notes
Turn   | Place    | Note
-------+----------+-------------------------------------------
     0 | D:5      | namelastname112 the Draconian Delver began the quest for
                  | the Orb.
     0 | D:5      | Reached XP level 1. HP: 19/19 MP: 1/1
    54 | D:5      | Slain by an adder

Illustrated notes

Levels and vault maps discovered:
D:5:      layout_cave_pools, minmay_fountain_box, uniq_grinder,
          uniq_blork_the_orc

Action                   || total
-------------------------++-------
Melee: Falchion          ||    17
       Tailslap          ||     2
 Stab: Sleeping          ||     1
Armor: Skin              ||     7
Dodge: Dodged            ||    14
       Rpst.: Falchion   ||     3

Table legend: (Time is in decaauts)
 A = Elapsed time spent in this place.
 B = Non-inter-level travel time spent in this place.
 C = Inter-level travel time spent in this place.
 D = Time resting spent in this place.
 E = Time spent auto-exploring this place.
 F = Levels seen in this place.
 G = Mean time per level.
                   A        B        C        D        E       F      G
               +--------+--------+--------+--------+--------+-----+--------+
         Total |     57 |     57 |      0 |      0 |     19 |   1 |   57.0 |
       Dungeon |     57 |     57 |      0 |      0 |     19 |   1 |   57.0 |
               +--------+--------+--------+--------+--------+-----+--------+

Top non-repeatable levels by time:
     D:5: 57 daAuts
